 Dungeon Crawl Stone Soup version 0.30-a0-170-g85af917532 (webtiles) character file.

Game seed: 2516561045488668733

155 qw the Chopper (level 5, -4/32 HPs)
             Began as a Gargoyle Fighter on Sept 30, 2022.
             Was an Initiate of Okawaru.
             Slain by Edmund
             ... wielding a +4 dire flail of holy wrath
              (12 damage)
             ... on level 4 of the Dungeon.
             The game lasted 00:01:10 (3143 turns).

qw the Chopper (Gargoyle Fighter)                   Turns: 3143, Time: 00:01:11

Health: -4/32      AC: 13    Str: 22    XL:     5   Next: 37%
Magic:  5/5        EV:  9    Int:  8    God:    Okawaru [......]
Gold:   149        SH:  4    Dex:  9    Spells: 4/4 levels left

rFire   . . .      SeeInvis .    Y - +0 war axe
rCold   . . .      Faith    .    c - +0 buckler
rNeg    + + .      Spirit   .    b - +0 scale mail
rPois   inf        Reflect  .    (no helmet)
rElec   +          Harm     .    i - +0 cloak
rCorr   .          Rampage  .    (no gloves)
Will    .....                    e - +0 pair of boots
Stlth   ..........               (no amulet)
HPRegen 0.10/turn                n - ring of positive energy
MPRegen 0.09/turn                (no ring)

@: about to teleport
A: sickness immunity, AC +4, negative energy resistance 1, electricity
resistance, torment resistance 1, petrification resistance
a: Renounce Religion


You were on level 4 of the Dungeon.
You worshipped Okawaru.
Okawaru was noncommittal.
You visited 1 branch of the dungeon, and saw 4 of its levels.

You collected 149 gold pieces.


Innate Abilities, Weirdness & Mutations

You are immune to sickness and miasma.
Your stone body is resilient. (AC +4)
You are immune to poison.
You resist negative energy. (rN+)
You are resistant to electric shocks. (rElec)
You are resistant to unholy torment.
You are immune to petrification.


   Skills:
 - Level 3.2 Fighting
 + Level 4.9 Axes
 - Level 3.2 Armour
 - Level 3.2 Shields


You had 4 spell levels left.
You didn't know any spells.
Your spell library was empty.

Inventory:

Hand Weapons
 h - a +0 flail
 Y - a +0 war axe (weapon)
Armour
 a - a +0 plate armour
 b - a +0 scale mail (worn)
 c - a +0 buckler (worn)
 e - a +0 pair of boots (worn)
 i - a +0 cloak (worn)
Jewellery
 g - a ring of fire
 n - a ring of positive energy (left hand)
Scrolls
 m - 2 scrolls of identify
Potions
 d - a potion of might
 j - a potion of attraction {unknown}
 k - a potion of curing {unknown}

Dungeon Overview and Level Annotations

Branches:
Dungeon (4/15)             Temple (0/1) D:4

Altars:
Kikubaaqudgha
Okawaru

Annotations:
D:4 Edmund


Message History

Edmund clears his throat.
You barely miss Edmund. Edmund hits you but does no damage.
You barely miss Edmund. You hit the ball python. The ball python misses you.
The ball python closely misses you. You block Edmund's attack.
Edmund barely misses you. The ball python barely misses you.
The ball python closely misses you.
You barely miss the ball python.
The ball python is heavily wounded.
You hit Edmund. The ball python closely misses you. x2
Edmund hits you with a +4 dire flail of holy wrath.
You closely miss the ball python.
The ball python is heavily wounded.
You hit Edmund.
The ball python barely misses you. x2; Edmund hits you but does no damage.
You block the ball python's attack. x2
You closely miss the ball python.
The ball python is heavily wounded.
You hit Edmund but do no damage.
Edmund hits you with a +4 dire flail of holy wrath.
The ball python bites you but does no damage.
You block the ball python's attack. You block Edmund's attack.
You slash the ball python!
You kill the ball python!
Okawaru accepts your kill.
You hit Edmund but do no damage. Edmund completely misses you.
You hit Edmund.
Edmund is moderately wounded.
Edmund hits you with a +4 dire flail of holy wrath!
You barely miss Edmund.
Edmund is moderately wounded.
Edmund completely misses you.
Edmund hits you with a +4 dire flail of holy wrath!
3143 ||| READING scroll of teleportation.
As you read the scroll of teleportation, it crumbles to dust.
You feel strangely unstable.
Edmund hits you with a +4 dire flail of holy wrath!
You die...

%.##............##.#
........###.###.##.#
####...## #.# #.##.#
##.## #.###.##.# #.#
#........# #.#
#####.######## #+#
#...........#
#.###.#####.# # #@#
#.@# # #..# + #..# #
.... ##.## #. #.


You could see Edmund.

Vanquished Creatures
  Natasha (D:3)
  An iguana (D:4)
  3 adders
  2 worms (D:2)
  3 dart slugs
  5 ball pythons
  5 bats
  4 endoplasms
  6 giant cockroaches
  3 hobgoblins
  6 jackals
  10 kobolds
  3 quokkas
  A frilled lizard (D:1)
  5 goblins
  5 rats
63 creatures vanquished.

Notes
Turn   | Place    | Note
-------+----------+-------------------------------------------
     0 | D:1      | qw the Gargoyle Fighter began the quest for the Orb.
     0 | D:1      | Reached XP level 1. HP: 14/14 MP: 1/1
     0 | D:1      | 0 ||| qw: Version: 0.2-a-12-gaebbb33
     0 | D:1      | 0 ||| qw: Game counter: 1491
     0 | D:1      | 0 ||| qw: Always use a shield: true
     0 | D:1      | 0 ||| qw: God list: Okawaru
     0 | D:1      | 0 ||| qw: Allow faded altars: false
     0 | D:1      | 0 ||| qw: Do Orc after D:15 true
     0 | D:1      | 0 ||| qw: Do second Lair branch before Depths: true
     0 | D:1      | 0 ||| qw: Lair rune preference: random
     0 | D:1      | 0 ||| qw: Plans: Normal, Zot:1-4, God:TSO, Crypt, Tomb,
                  | Pan, Slime:5, Hells, Abyss, Orb
     0 | D:1      | 0 ||| PLANNING D:1-11
    54 | D:1      | Reached skill level 2 in Axes
    67 | D:1      | 67 ||| Stepping ~*~*~tactically~*~*~ (hiding).
    68 | D:1      | 68 ||| Stepping ~*~*~tactically~*~*~ (hiding).
   246 | D:1      | Reached XP level 2. HP: 19/19 MP: 2/2
   495 | D:1      | Found a faded altar of an unknown god.
   700 | D:1      | 700 ||| READING scroll labelled HESHITWISIF.
   701 | D:1      | 701 ||| READING 2 scrolls labelled CENNITHRANK.
   706 | D:1      | 706 ||| READING scroll labelled ZUXULU DIKAIKK.
   733 | D:2      | 733 ||| STAIRDANCE
   739 | D:1      | Reached skill level 3 in Axes
   833 | D:2      | 833 ||| STAIRDANCE
   839 | D:2      | 839 ||| STAIRDANCE
   842 | D:1      | Reached XP level 3. HP: 16/23 MP: 3/3
  1358 | D:2      | 1358 ||| Stepping ~*~*~tactically~*~*~ (stealth).
  1440 | D:2      | Reached XP level 4. HP: 28/28 MP: 4/4
  1579 | D:2      | 1579 ||| Stepping ~*~*~tactically~*~*~ (stealth).
  1639 | D:2      | 1639 ||| UPGRADING to +0 pair of boots.
  1644 | D:2      | 1644 ||| UPGRADING to +0 cloak.
  1649 | D:2      | 1649 ||| UPGRADING to ring of positive energy.
  1650 | D:2      | 1650 ||| READING scroll labelled SECELE LAPASMI.
  1651 | D:2      | 1651 ||| DRINKING 2 puce potions.
  1652 | D:2      | 1652 ||| DROPPING potion of brilliance.
  1741 | D:3      | Reached skill level 4 in Axes
  2002 | D:3      | 2002 ||| Stepping ~*~*~tactically~*~*~ (stealth).
  2007 | D:3      | 2007 ||| Stepping ~*~*~tactically~*~*~ (stealth).
  2008 | D:3      | 2008 ||| Stepping ~*~*~tactically~*~*~ (stealth).
  2068 | D:3      | Found an iron altar of Okawaru.
  2069 | D:3      | 2069 ||| PLANNING OKAWARU WORSHIP
  2074 | D:3      | 2074 ||| DRINKING 2 viscous red potions.
  2075 | D:3      | 2075 ||| READING 2 scrolls of identify.
  2075 | D:3      | 2075 ||| IDENTIFYING bubbling yellow potion
  2076 | D:3      | 2076 ||| DROPPING potion of flight.
  2083 | D:3      | 2083 ||| READING 3 scrolls of teleportation.
  2088 | D:3      | 2088 ||| FLEEEEING.
  2091 | D:3      | 2091 ||| FLEEEEING.
  2092 | D:3      | 2092 ||| FLEEEEING.
  2093 | D:3      | 2093 ||| FLEEEEING.
  2094 | D:3      | 2094 ||| FLEEEEING.
  2095 | D:3      | 2095 ||| FLEEEEING.
  2136 | D:3      | Became a worshipper of Warmaster Okawaru
  2137 | D:3      | 2137 ||| PLANNING D:1-11
  2282 | D:3      | Noticed Natasha
  2289 | D:3      | HP: 6/28 [Natasha (7)]
  2290 | D:3      | 2290 ||| READING 2 scrolls of teleportation.
  2291 | D:3      | 2291 ||| DRINKING potion of heal wounds.
  2387 | D:3      | Found an ancient bone altar of Kikubaaqudgha.
  2411 | D:3      | Killed Natasha
  2412 | D:3      | Reached XP level 5. HP: 32/32 MP: 5/5
  2635 | D:3      | 2635 ||| READING scroll labelled TIMMOAR MICIWK.
  2636 | D:3      | 2636 ||| READING scroll labelled ZOZAGI BIFEASCH.
  2978 | D:4      | 2978 ||| DROPPING +0 club.
  3028 | D:4      | Found a staircase to the Ecumenical Temple.
  3036 | D:4      | 3036 ||| Stepping ~*~*~tactically~*~*~ (stealth).
  3129 | D:4      | Noticed Edmund
  3142 | D:4      | HP: 8/32 [Edmund/+4 dire flail of holy wrath (11)]
  3143 | D:4      | 3143 ||| READING scroll of teleportation.
  3143 | D:4      | Slain by Edmund

Levels and vault maps discovered:
D:1:      minmay_arrival_checkered_box, layout_rooms,
          hellmonk_ecumenical_altar_slurped_away
D:2:      layout_rooms
D:3:      layout_basic, nicolae_overflow_hidden_temple,
          mainiacjoe_overflow_brackets, uniq_natasha
D:4:      layout_loops_corners, minmay_temple_entry_glass, nrook_loot_triangle,
          uniq_edmund

Skill      XL: |  1  2  3  4 |
---------------+-------------+-----
Axes           | 2 3 4 |  4.9
Fighting       | |  3.2
Armour         | |  3.2
Shields        | |  3.2

Action                   |  1- 3 |  4- 6 || total
-------------------------+-------+-------++-------
Melee: War axe           |   101 |   108 ||   209
  Use: Scroll            |     3 |     7 ||    10
       Potion            |       |     3 ||     3
Armor: Scale mail        |    58 |    55 ||   113
Dodge: Dodged            |    68 |    50 ||   118
Block: Buckler           |    22 |    21 ||    43

Table legend:
 A = Non-vault XP
 B = Vault XP
 C = Vault XP percentage of total XP
 D = Non-vault monster count
 E = Vault monster count
 F = Vault count percentage of total count
                 A         B        C        D         E       F
            +---------+---------+-------+---------+---------+-------
      Total |     183 |      39 |  17.6 |      61 |       2 |   3.2
            +---------+---------+-------+---------+---------+-------
        D:1 |      33 |       2 |   5.7 |      18 |       1 |   5.3
        D:2 |      58 |       0 |   0.0 |      15 |       0 |   0.0
        D:3 |      43 |      37 |  46.2 |      18 |       1 |   5.3
        D:4 |      49 |       0 |   0.0 |      10 |       0 |   0.0
            +---------+---------+-------+---------+---------+-------
